 Dungeon Crawl Stone Soup version 0.29-a0-23-ga79f92ac9c (webtiles) character file.

Game seed: 12381945704640881965

50092 Armakuni the Summoner (level 14, -3/107 HPs)
             Began as a Yellow Draconian Conjurer on Jan 29, 2022.
             Was an Elder of the Shining One.
             Slain by a nameless horror (6 damage)
             ... created by miscasting Summon Hydra
             ... on level 4 of the Lair of Beasts on Jan 30, 2022.
             The game lasted 01:25:54 (24272 turns).

Armakuni the Summoner (Yellow Draconian Conjurer)  Turns: 24272, Time: 01:25:55

Health: -3/107     AC: 16    Str: 15    XL:     14   Next: 18%
Magic:  7/30       EV: 13    Int: 23    God:    the Shining One [****..]
Gold:   1515       SH:  0    Dex: 12    Spells: 13/37 levels left

rFire   + + .      SeeInvis .   a - +4 dagger of Fragile Peace {venom, rElec rF+ Dex+2}
rCold   . . .      Faith    .   (no shield)
rNeg    + + +      Spirit   .   (armour unavailable)
rPois   +          Reflect  .   o - +0 hat of Cafuga {Will+ Str+5}
rElec   +          Harm     .   H - +0 cloak
rCorr   +          Rampage  .   t - +0 pair of gloves
Will    ++...                   i - +1 pair of boots
Stlth   +.........              M - amulet of magic regeneration
HPRegen 0.27/turn               F - ring of the Mackerel {Fly rPois rF+ rN+}
MPRegen 0.62/turn               P - +4 ring of protection

@: flying, very slightly contaminated, slowed, glowing, very slow
A: spit acid, AC +8, unfitting armour, acidic bite, cold-blooded, acid
resistance
a: Breathe Acid, Renounce Religion, Divine Shield, Cleansing Flame


You were on level 4 of the Lair of Beasts.
You worshipped the Shining One.
The Shining One was greatly pleased with you.
You visited 3 branches of the dungeon, and saw 20 of its levels.
You also visited: Sewer and Ossuary.

You collected 1943 gold pieces.
You spent 428 gold pieces at shops.

Inventory:

Hand Weapons
 a - the +4 dagger of Fragile Peace (weapon) {venom, rElec rF+ Dex+2}
   (You found it on level 2 of the Dungeon)

   It poisons the flesh of those it strikes.
   Dex:       It affects your dexterity (+2).
   rF:        It protects you from fire.
   rElec:     It insulates you from electricity.
 b - a +3 vorpal dire flail
 D - a +3 scimitar of flaming
Missiles
 w - 9 curare-tipped darts
 y - 2 throwing nets
Armour
 i - a +1 pair of boots (worn)
 o - the +0 hat of Cafuga (worn) {Will+ Str+5}
   (You acquired it on level 1 of the Dungeon)

   Str:       It affects your strength (+5).
   Will:      It increases your willpower.
 t - a +0 pair of gloves (worn)
 H - a +0 cloak (worn)
Magical Staves
 c - a staff of earth
Jewellery
 F - the ring of the Mackerel (left hand) {Fly rPois rF+ rN+}
   (You acquired it on level 7 of the Dungeon)

   [ring of flight]

   rF:        It protects you from fire.
   rPois:     It protects you from poison.
   rN:        It protects you from negative energy.
   Fly:       It grants you flight.
 M - an amulet of magic regeneration (around neck)
 P - a +4 ring of protection (right hand)
Wands
 k - a wand of digging (7)
 u - a wand of paralysis (5)
 A - a wand of flame (37)
Scrolls
 m - 5 scrolls of blinking
 q - 2 scrolls of summoning
 r - 3 scrolls of fog
 s - a scroll of fear
 x - a scroll of amnesia
 z - a scroll of noise
 E - 3 scrolls of enchant armour
 I - a scroll of magic mapping
 J - 7 scrolls of teleportation
Potions
 d - 3 potions of brilliance
 e - 3 potions of magic
 f - 5 potions of flight
 g - 3 potions of ambrosia
 j - 3 potions of cancellation
 n - 6 potions of resistance
 p - 5 potions of haste
 C - 2 potions of lignification
 G - 4 potions of might
 K - 3 potions of curing
 L - a potion of mutation
 N - 5 potions of heal wounds
Miscellaneous
 l - a lightning rod (inert)


   Skills:
 - Level 5.0 Fighting
 - Level 4.4 Staves
 - Level 5.0 Dodging
 - Level 1.7 Stealth
 + Level 12.2 Spellcasting
 - Level 10.0 Conjurations
 + Level 13.0 Summonings
 - Level 4.0 Translocations
 - Level 11.4 Invocations
 - Level 5.0 Evocations


You had 13 spell levels left.
You knew the following spells:

 Your Spells              Type           Power      Damage    Failure   Level
a - Apportation           Tloc           64%        N/A       1%          1
b - Blink                 Tloc           64%        N/A       1%          2
h - Summon Hydra          Summ           32%        N/A       19%         7
m - Iskenderun's Mystic   Conj/Tloc      46%        2d10      2%          4
n - Summon Ice Beast      Ice/Summ       44%        N/A       3%          4
s - Sticky Flame          Conj/Fire      37%        2d6       6%          4
z - Searing Ray           Conj           100%       2d8       1%          2

Your spell library contained the following spells:

 Spells                   Type           Power      Damage    Failure   Level
 Foxfire                  Conj/Fire      100%       2x1d9     1%          1
 Magic Dart               Conj           100%       1d8       1%          1
 Summon Small Mammal      Summ           100%       N/A       1%          1
 Static Discharge         Conj/Air       37%        N/A       1%          2
 Conjure Flame            Conj/Fire      37%        6-21      1%          3
 Dazzling Flash           Conj/Hex       74%        N/A       1%          3
 Animate Skeleton         Necr           28%        N/A       4%          1
 Freeze                   Ice            56%        1d7       4%          1
 Sting                    Tmut/Pois      56%        1d5       4%          1
 Flame Wave               Conj/Fire      37%        2d9       6%          4
 Fulminant Prism          Conj/Hex       18%        3d11      6%          4
 Hailstorm                Conj/Ice       37%        3d9       6%          4
 Corpse Rot               Necr/Air       28%        N/A       7%          2
 Poisonous Vapours        Pois/Air       28%        N/A       7%          2
 Sublimation of Blood     Necr           14%        N/A       7%          2
 Wereblood                Tmut           14%        N/A       7%          2
 Confusing Touch          Hex            14%        N/A       14%         3
 Frozen Ramparts          Ice            28%        1d4       14%         3
 Inner Flame              Hex/Fire       14%        N/A       14%         3
 Manifold Assault         Tloc           32%        N/A       24%         5
 Animate Dead             Necr           7%         N/A       41%         4
 Dispel Undead            Necr           14%        3d10      41%         4
 Ice Form                 Ice/Tmut       14%        N/A       41%         4
 Olgreb's Toxic Radiance  Pois           14%        N/A       41%         4
 Borgnjor's Vile Clutch   Necr/Erth      7%         N/A       77%         5
 Lee's Rapid Deconstruct  Erth           7%         3d7*      77%         5
 Yara's Violent Unravell  Hex/Tmut       7%         3d5       77%         5
 Death Channel            Necr           7%         N/A       100%        6
 Enfeeble                 Hex            7%         N/A       100%        7
 Storm Form               Tmut/Air       7%         N/A       100%        7


Dungeon Overview and Level Annotations

Branches:
Dungeon (15/15)            Temple (1/1) D:5            Lair (4/6) D:9
 Shoals (0/4) Lair:2       Spider (0/4) Lair:3          Orc (0/2) D:9
 Vaults (0/5) D:14          Sewer (visited)         Ossuary (visited)
 Depths: D:15

Altars:
Ashenzari
Cheibriados
Dithmenos
Fedhas
Gozag
Hepliaklqana
Kikubaaqudgha
Makhleb
Nemelex Xobeh
Okawaru
Qazlal
Ru
Sif Muna
Trog
Uskayaw
Vehumet
Wu Jian
Xom
Yredelemnul
Zin
The Shining One

Shops:
D:9 (**   D:10 (((*

Annotations:
D:10 exclusions: ice statue and obsidian statue
Lair:2 exclusion: oklob plant


Innate Abilities, Weirdness & Mutations

You can spit globs of acid.
Your golden yellow scales are hard. (AC +8)
You cannot fit into any form of body armour.
You have acidic saliva.
You are cold-blooded and may be slowed by cold attacks.
You are resistant to acid. (rCorr)


Message History

A chorus of moans calls out in your mind.
A nameless horror comes into view.
The death yak gores you! The death yak closely misses you.
Being near the torpor snail leaves you feeling lethargic.
There is a fountain of clear blue water here.
Casting: Summon Hydra (quite dangerous; 19% risk of failure)
Confirm with . or Enter, or press ? or * to list all spells.
The spell is quite dangerous to miscast (19% risk of failure)!
Continue anyway?
A four-headed hydra appears.
The death yak gores you! The nameless horror hits you.
You feel your power leaking away. The death yak gores you!
You hit the nameless horror but do no damage.
Send 'em back where they came from!
Your four-headed hydra disappears in a puff of smoke!
The death yak gores you. The torpor snail bites you!
The nameless horror hits you!
You feel your power leaking away. The nameless horror hits you!
You feel your power leaking away.
Press: ? - help, v - describe, . - travel
Here: a nameless horror (durably summoned, haloed)
The floor.
You hit the plant.
The plant begins to die.
You tail-slap the plant.
The plant is lightly damaged.
The nameless horror closely misses you. The death yak closely misses you.
The nameless horror closely misses you.
You hit the plant. You bite the plant, but do no damage.
The plant is lightly damaged.
A nearby plant withers and dies.
The death yak gores you!!
* * * LOW HITPOINT WARNING * * *
The torpor snail bites you but does no damage.
The nameless horror hits you but does no damage.
The death yak gores you!!
* * * LOW HITPOINT WARNING * * *
The nameless horror hits you but does no damage.
The nameless horror closely misses you. The nameless horror hits you.
You die...

##.# #.....#.⌠.##....# ###
##...##...##...# #............#
#.#.........#### ###............#
### ####### ### ##.....###...#
..####.##P.###P#####....⌠.###....
...................Y...+#.#.# ...
................@X.w.......## ##.
.............<.........#.### #
.....................#####
.#.P#.#.####.###P#.PP# #########
### #######


You could see a death yak, a torpor snail and a nameless horror.

Vanquished Creatures
  Snorg (D:10)
  The ghost of Gusuyshucre the Thaumaturge, a journeyman DjWr of Makhleb (Lair:3)
  A great orb of eyes (D:12)
  A hydra (Lair:4)
  Harold (D:7)
  3 boulder beetles
  Erolcha (D:11)
  A centaur warrior (D:14)
  An ogre mage (D:14)
  3 two-headed ogres
  Erica (D:9)
  2 tengu warriors
  4 death yaks (Lair:4)
  A nameless horror (Lair:4)
  A skeletal warrior (D:14)
  The ghost of vurker the Fighter, a novice MiEn of Ru (D:9)
  The ghost of Yorgos the Slasher, a novice MiBe of Trog (D:6)
  Pikel (D:3)
  8 ugly things
  A manticore (D:13)
  5 cyclopes
  9 elephants
  Maurice (D:9)
  3 black mambas
  4 centaur skeletons (D:14)
  Joseph (D:8)
  5 cane toads
  2 gargoyles
  Psyche (D:9)
  2 rime drakes (Lair:2)
  5 komodo dragons
  2 yaktaurs (D:14)
  5 trolls
  2 hornets
  3 blink frogs (Lair:1)
  Grinder (D:6)
  5 slime creatures
  2 jumping spiders (Lair:3)
  Sigmund (D:4)
  A culicivora (Lair:3)
  2 shadows
  A spriggan (shapeshifter) (D:14)
  5 wyverns
  2 vampires
  4 basilisks
  25 yaks
  3 wraiths
  The ghost of NigelTetley the Shield-Bearer, an amateur FoFi (D:6)
  Grum (D:11)
  3 steam dragons
  2 redbacks (Lair:3)
  A vampire mosquito (D:10)
  Menkaure (D:5)
  3 wargs (D:9)
  7 water moccasins
  An ice beast (D:6)
  4 orc warriors
  2 sky beasts
  3 boggarts (D:14)
  A necrophage (D:7)
  4 ogres
  3 wolves (D:11)
  7 centaurs
  4 lemures
  3 kobold brigands (D:9)
  Blork the orc (D:5)
  3 bullfrogs
  A gnoll sergeant (D:11)
  A scorpion (D:4)
  5 killer bees (D:8)
  8 wights (D:7)
  A howler monkey (D:8)
  2 electric eels
  4 centaur zombies
  10 orc priests
  2 hounds
  2 human zombies (Ossuary)
  5 jellies
  4 iguanas
  Ijyb (D:4)
  12 orc wizards
  A killer bee zombie (D:6)
  A hound zombie (Ossuary)
  A hound skeleton (D:5)
  4 mummies (Ossuary)
  3 howler monkey zombies
  5 gnolls (D:11)
  14 adders
  A river rat (D:5)
  A shadow imp (D:5)
  2 white imps (D:6)
  3 ufetubi
  2 worms (D:2)
  2 dart slugs
  50 orcs
  14 ball pythons
  3 endoplasms
  12 giant cockroaches
  A gnoll zombie (Ossuary)
  2 goblins
  6 hobgoblins
  7 jackals (D:2)
  5 quokkas
  4 bats
  10 frilled lizards (Sewer)
  A goblin zombie (Ossuary)
  A hobgoblin zombie (Ossuary)
  3 jackal zombies (Ossuary)
  12 kobolds
  2 kobold zombies (Ossuary)
  10 rats
  A rat zombie (Ossuary)
434 creatures vanquished.

Vanquished Creatures (collateral kills)
  Frances (D:14)
  2 centaur warriors
  The ghost of Artemis1503 the Magician, a novice DjIE of Ashenzari (D:6)
  A boggart (D:14)
5 creatures vanquished.

Vanquished Creatures (others)
  2 slime creatures (D:14)
  12 fungi
  28 plants
  6 withered plants
48 creatures vanquished.

Grand Total: 487 creatures vanquished

Notes
Turn   | Place    | Note
-------+----------+-------------------------------------------
     0 | D:1      | Armakuni the Draconian Conjurer began the quest for the
                  | Orb.
     0 | D:1      | Reached XP level 1. HP: 14/14 MP: 3/3
   294 | D:1      | Reached XP level 2. HP: 20/20 MP: 0/5
   313 | D:1      | Learned a level 2 spell: Searing Ray
   384 | D:1      | Found a faded altar of an unknown god.
  1015 | D:1      | Identified a scroll of acquirement
  1015 | D:1      | Acquired the +0 hat of Cafuga {Will+ Str+5}
  1208 | D:2      | Learned a level 2 spell: Blink
  1223 | D:2      | Identified the +4 dagger of Fragile Peace {venom, rElec rF+
                  | Dex+2}
  1573 | D:2      | Reached XP level 3. HP: 25/26 MP: 7/7
  2229 | D:2      | Reached XP level 4. HP: 33/33 MP: 3/8
  2519 | D:3      | Reached skill level 5 in Conjurations
  2827 | D:3      | Reached XP level 5. HP: 38/38 MP: 6/10
  2838 | D:3      | Learned a level 4 spell: Iskenderun's Mystic Blast
  3033 | D:3      | You fall into a shaft and drop 1 floor!
  3243 | D:4      | Noticed a lemure
  3243 | D:4      | Noticed a lemure
  3244 | D:4      | Noticed Pikel
  3245 | D:4      | Noticed a lemure
  3246 | D:4      | Noticed a lemure
  3263 | D:4      | Killed a lemure
  3265 | D:4      | Killed a lemure
  3304 | D:4      | Killed a lemure
  3310 | D:3      | Killed a lemure
  3406 | D:3      | Killed Pikel
  3407 | D:3      | Reached skill level 5 in Spellcasting
  3407 | D:3      | Reached XP level 6. HP: 26/45 MP: 4/14
  3407 | D:3      | Your scales start taking on a golden yellow colour.
  3407 | D:3      | Reached XP level 7. HP: 29/50 MP: 4/15
  3407 | D:3      | Gained mutation: You are resistant to acid. (rCorr) [Yellow
                  | Draconian growth]
  3571 | D:4      | Noticed Sigmund
  3583 | D:4      | Killed Sigmund
  4080 | D:4      | Reached XP level 8. HP: 49/57 MP: 8/16
  4399 | D:4      | Noticed Ijyb
  4410 | D:4      | Killed Ijyb
  4552 | D:5      | Entered Level 5 of the Dungeon
  4598 | D:5      | Noticed Menkaure
  4602 | D:5      | Killed Menkaure
  4629 | D:5      | Found a staircase to the Ecumenical Temple.
  4637 | Temple   | Entered the Ecumenical Temple
  4987 | Temple   | Became a worshipper of the Shining One
  5046 | D:5      | Noticed Blork the orc
  5050 | D:5      | Killed Blork the orc
  5154 | D:5      | Found a glowing drain.
  5167 | Sewer    | Entered a sewer
  6016 | D:5      | Found a shadowy altar of Dithmenos.
  6505 | D:6      | Found a sand-covered staircase.
  6513 | Ossuary  | Entered an ossuary
  6513 | Ossuary  | Reached * piety under the Shining One
  6634 | Ossuary  | Reached ** piety under the Shining One
  6914 | D:6      | Found a runed translucent gate.
  6914 | D:6      | Found a runed translucent gate.
  6914 | D:6      | Found a runed translucent gate.
  6915 | D:6      | Noticed Yorgos's ghost (novice MiBe)
  6915 | D:6      | Noticed Artemis1503's ghost (novice DjIE)
  6915 | D:6      | Noticed NigelTetley's ghost (amateur FoFi)
  6944 | D:6      | Noticed Grinder
  6949 | D:6      | Killed Grinder
  6950 | D:6      | Reached skill level 1 in Invocations
  6950 | D:6      | Reached XP level 9. HP: 62/62 MP: 12/20
  7947 | D:6      | Killed Artemis1503's ghost
  7958 | D:6      | Killed NigelTetley's ghost
  7958 | D:6      | Killed Yorgos's ghost
  8112 | D:7      | Reached skill level 5 in Invocations
  8182 | D:7      | Acquired the ring of the Mackerel {Fly rPois rF+ rN+}
  8249 | D:7      | Reached skill level 10 in Conjurations
  8349 | D:7      | Reached *** piety under the Shining One
  8355 | D:7      | Reached XP level 10. HP: 70/70 MP: 18/22
  8821 | D:8      | Noticed Joseph
  8833 | D:8      | Killed Joseph
  8834 | D:8      | Reached skill level 1 in Fighting
  8834 | D:8      | Reached skill level 1 in Staves
  8834 | D:8      | Reached skill level 1 in Evocations
  9015 | D:8      | Noticed Harold
  9039 | D:7      | Killed Harold
 10094 | D:8      | Found a shimmering blue altar of Sif Muna.
 10160 | D:9      | Noticed Erica
 10172 | D:9      | Noticed Psyche
 10174 | D:9      | Killed Erica
 10175 | D:9      | Found Enlooplu's General Store.
 10178 | D:9      | Killed Psyche
 10274 | D:9      | Acquired 708 gold pieces
 10285 | D:9      | Found a runed translucent gate.
 10285 | D:9      | Found a runed translucent gate.
 10286 | D:9      | Found a runed translucent gate.
 10286 | D:9      | Noticed vurker's ghost (novice MiEn)
 10316 | D:9      | Found a staircase to the Lair.
 10316 | D:9      | Noticed Maurice
 10343 | D:9      | Killed Maurice
 10549 | D:9      | Reached **** piety under the Shining One
 10568 | D:9      | Found a staircase to the Orcish Mines.
 10613 | D:9      | Reached XP level 11. HP: 58/85 MP: 23/23
 10766 | D:9      | Reached skill level 5 in Fighting
 10886 | D:9      | Found Yrhir's Assorted Antiques.
 11065 | D:9      | Reached skill level 5 in Dodging
 11153 | D:9      | Noticed a tengu warrior
 11159 | D:9      | Reached skill level 5 in Evocations
 11162 | D:9      | Learned a level 1 spell: Apportation
 11167 | D:9      | Learned a level 4 spell: Summon Ice Beast
 11440 | D:9      | Bought a dire flail for 84 gold pieces
 11752 | D:9      | Found Fuihank's Weapon Emporium.
 11845 | D:9      | Killed a tengu warrior
 11846 | D:9      | Reached skill level 1 in Summonings
 12124 | D:9      | Killed vurker's ghost
 12125 | D:9      | Reached skill level 2 in Summonings
 12246 | D:10     | Entered Level 10 of the Dungeon
 12311 | D:10     | Found Ceyfom's Antique Weapon Boutique.
 12353 | D:10     | Reached skill level 3 in Summonings
 12671 | D:10     | Noticed a two-headed ogre
 12679 | D:10     | Killed a two-headed ogre
 12755 | D:10     | Noticed Snorg
 12758 | D:10     | Found Java's Antique Weapon Emporium.
 12775 | D:10     | Killed Snorg
 12776 | D:10     | Reached skill level 4 in Summonings
 13132 | D:10     | Found Sackach's Antique Weapon Emporium.
 13135 | D:10     | Bought a smoking mace for 224 gold pieces
 13135 | D:10     | Identified the +7 mace "Qisivvet" {flame, rElec rPois rC-
                  | Str+5} (You bought it in a shop on level 10 of the Dungeon)
 13205 | D:10     | Noticed an obsidian statue
 13410 | D:10     | Found Kysee's General Store.
 13413 | D:10     | Bought a potion of mutation for 120 gold pieces
 13892 | D:11     | Noticed Erolcha
 13907 | D:11     | Killed Erolcha
 13908 | D:11     | Reached skill level 5 in Summonings
 13951 | D:11     | Learned a level 7 spell: Summon Hydra
 13971 | D:11     | Reached XP level 12. HP: 42/94 MP: 18/25
 14214 | D:11     | Noticed a two-headed ogre
 14223 | D:11     | Killed a two-headed ogre
 14806 | D:11     | Reached ***** piety under the Shining One
 14999 | D:11     | Noticed Grum
 15012 | D:11     | Reached skill level 10 in Spellcasting
 15014 | D:11     | Killed Grum
 15470 | D:12     | Reached skill level 6 in Summonings
 15624 | D:12     | Noticed a great orb of eyes
 15644 | D:12     | Killed a great orb of eyes
 16485 | D:13     | Noticed a boulder beetle
 16496 | D:13     | Killed a boulder beetle
 16531 | D:13     | Noticed a centaur warrior
 16539 | D:13     | Killed a centaur warrior
 16780 | D:13     | Reached skill level 7 in Summonings
 16780 | D:13     | Reached skill level 10 in Invocations
 16888 | D:13     | Noticed a tengu warrior
 16896 | D:13     | Killed a tengu warrior
 17395 | D:13     | Noticed a boulder beetle
 17402 | D:13     | Killed a boulder beetle
 17846 | D:14     | Noticed a centaur warrior
 17861 | D:14     | Killed a centaur warrior
 17993 | D:14     | Noticed a boulder beetle
 17999 | D:14     | Noticed a centaur warrior
 18006 | D:14     | HP: 4/94 [centaur warrior/arrow[a boggart] (15)]
 18470 | D:14     | Noticed a boulder beetle
 18478 | D:14     | Killed a boulder beetle
 18537 | D:14     | Noticed a two-headed ogre
 18543 | D:14     | Noticed an ogre mage
 18544 | D:14     | Killed a two-headed ogre
 18545 | D:14     | Reached skill level 8 in Summonings
 18545 | D:14     | Reached XP level 13. HP: 100/100 MP: 18/28
 18938 | D:14     | Found a gate to the Vaults.
 19072 | D:14     | Noticed Frances
 19107 | D:14     | Killed Frances
 19108 | D:14     | Reached skill level 9 in Summonings
 19456 | D:15     | Entered Level 15 of the Dungeon
 19483 | D:14     | Reached skill level 10 in Summonings
 19630 | Lair:1   | Entered Level 1 of the Lair of Beasts
 19630 | Lair:1   | Found the +8 orange crystal plate armour {Archmagi, Int+3
                  | Clar}
 19639 | Lair:1   | Upgraded the game from 0.29-a0-22-gbf593b16ee to
                  | 0.29-a0-23-ga79f92ac9c
 20015 | Lair:1   | Identified the +2 ring mail "Pyclo" {rF+ rN+}
 20476 | Lair:1   | Reached skill level 11 in Summonings
 21007 | Lair:2   | Learned a level 4 spell: Sticky Flame
 21283 | Lair:2   | Found a staircase to the Shoals.
 21859 | Lair:2   | Reached skill level 12 in Summonings
 22386 | Lair:3   | Found a runed translucent door.
 22386 | Lair:3   | Noticed Gusuyshucre's ghost (journeyman DjWr)
 22409 | Lair:3   | Killed Gusuyshucre's ghost
 22879 | Lair:3   | Found a hole to the Spider Nest.
 23376 | Lair:4   | Gained mutation: You have acidic saliva. [Yellow Draconian
                  | growth]
 23376 | Lair:4   | Reached XP level 14. HP: 101/107 MP: 25/29
 24036 | Lair:4   | Reached skill level 13 in Summonings
 24267 | Lair:4   | HP: 1/107 [death yak[a torpor snail] (18)]
 24272 | Lair:4   | Slain by a nameless horror

Illustrated notes

Levels and vault maps discovered:
D:1:      dpeg_arrival_signposts, layout_loops_ring, serial_rivers,
          chequers_serial_rivers_room_a, chequers_serial_rivers_micro_c,
          chequers_serial_rivers_small_3, chequers_serial_rivers_micro_c,
          nicolae_ecumenical_snake_handling
D:2:      layout_loops_ring, minmay_increasing_density
D:3:      layout_rooms
D:4:      layout_gridville, uniq_ijyb, uniq_pikel, uniq_sigmund
D:5:      layout_loops_cross, mainiacjoe_overflow_concentric_impassable,
          minmay_temple_entry_arrows, portal_sewer_entry_b, uniq_blork_the_orc,
          uniq_menkaure
D:6:      layout_layer_cave, enter_ossuary_1, gammafunk_ghost_cemetery,
          uniq_grinder
D:7:      layout_basic
D:8:      layout_gridville, lemuel_tele_altar, uniq_harold, uniq_joseph
D:9:      layout_loops_ring, erik_lair_orcish_takeover, hiddenorc2_lemuel,
          serial_shops, shop, shop, nicolae_shop_advertising_works
          [nicolae_subvault_shop_adworks], ebering_ghost_rock_garden,
          grunt_tough_drop, uniq_erica, uniq_psyche, uniq_maurice
D:10:     minmay_separated_statues, layout_loops_ring, serial_shops,
          nicolae_diamond_shop, kennysheep_mini_moat,
          nicolae_shop_overgrown_old_shop, kennysheep_mini, serial_bayou_pond_b,
          uniq_snorg
D:11:     layout_stronghold, uniq_erolcha, uniq_grum
D:12:     layout_loops_ring
D:13:     layout_long_grid
D:14:     layout_roguey, hangedman_vaults_entry_quadrant_bands,
          ebering_dispersal_statue_hall, uniq_frances
D:15:     gammafunk_depths_entry_grave, layout_loops_ring,
          kennysheep_pointless_box
Temple:   mainiacjoe_temple_big_plus
Lair:1:   layout_gridlike
Lair:2:   layout_regular_city, shoals_dummy_entry, minmay_lair_oklob_bushes,
          infiniplex_staircase_pool_2
Lair:3:   layout_gridlike, nicolae_spider_entry_tight_spaces,
          gammafunk_ghost_grave
Lair:4:   layout_hall_layers, grunt_megastairs_5, lemuel_fruit_tree

Skill      XL: |  1  2  3  4  5  6  7  8  9 10 11 12 13 14 |
---------------+-------------------------------------------+-----
Spellcasting   | 3 5 7 8 9 11 12 | 12.2
Conjurations   | 5 6 7 8 10 | 10.0
Translocations | 4 |  4.0
Invocations    | 1 5 8 10 11 | 11.4
Dodging        | 4 5 |  5.0
Fighting       | 4 5 |  5.0
Staves         | 4 |  4.4
Evocations     | 4 5 |  5.0
Summonings     | 5 8 12 13 | 13.0
Stealth        | |  1.7

Action                   |  1- 3 |  4- 6 |  7- 9 | 10-12 | 13-15 || total
-------------------------+-------+-------+-------+-------+-------++-------
Melee: Dagger            |    45 |    32 |    98 |   214 |    90 ||   479
       Tailslap          |     5 |     6 |    14 |    65 |    28 ||   118
       Unarmed           |     1 |       |       |       |       ||     1
       Punch             |       |       |       |     3 |       ||     3
       Dire flail        |       |       |       |     4 |    25 ||    29
       Bite              |       |       |       |       |     5 ||     5
Throw: Dart              |       |       |       |     9 |     3 ||    12
       Throwing net      |       |       |       |     2 |     3 ||     5
 Cast: Magic Dart        |    11 |       |       |       |       ||    11
       Searing Ray       |    10 |    16 |    60 |    76 |    48 ||   210
       Iskenderun's Myst |       |     1 |       |    87 |    60 ||   148
       Summon Ice Beast  |       |       |       |     2 |     4 ||     6
       Apportation       |       |       |       |     1 |       ||     1
       Sticky Flame      |       |       |       |       |    30 ||    30
       Summon Hydra      |       |       |       |       |     2 ||     2
Invok: Divine Shield     |       |       |     3 |     6 |     6 ||    15
       Cleansing Flame   |       |       |       |       |     5 ||     5
 Abil: Breathe Acid      |       |       |    17 |    56 |    33 ||   106
Evoke: Wand              |       |       |     1 |    24 |    21 ||    46
       Lightning rod     |       |       |       |       |     4 ||     4
  Use: Scroll            |     2 |       |    12 |    17 |     7 ||    38
       Potion            |       |     3 |       |     3 |       ||     6
 Stab: Sleeping          |     2 |     1 |     1 |       |       ||     4
Armor: Skin              |    13 |     7 |    46 |   164 |   108 ||   338
Dodge: Dodged            |    33 |    27 |    78 |   209 |   143 ||   490
Block: Other             |       |       |       |    21 |    11 ||    32

Table legend: (Time is in decaauts)
 A = Elapsed time spent in this place.
 B = Non-inter-level travel time spent in this place.
 C = Inter-level travel time spent in this place.
 D = Time resting spent in this place.
 E = Time spent auto-exploring this place.
 F = Levels seen in this place.
 G = Mean time per level.
                   A        B        C        D        E       F      G
               +--------+--------+--------+--------+--------+-----+--------+
         Total |  24389 |  23661 |    728 |   5002 |  14179 |  22 | 1108.6 |
       Dungeon |  18300 |  17763 |    537 |   3796 |  10894 |  15 | 1220.0 |
        Temple |    388 |    311 |     77 |      0 |    304 |   1 |  388.0 |
          Lair |   4653 |   4540 |    113 |   1044 |   2381 |   4 | 1163.2 |
         Sewer |    778 |    778 |      0 |    107 |    462 |   1 |  778.0 |
       Ossuary |    268 |    268 |      0 |     55 |    138 |   1 |  268.0 |
               +--------+--------+--------+--------+--------+-----+--------+

Top non-repeatable levels by time:
     D:9: 2070 daAuts
    D:14: 1854 daAuts
    D:11: 1755 daAuts
     D:6: 1448 daAuts
  Lair:1: 1407 daAuts
    D:10: 1320 daAuts
     D:8: 1310 daAuts
    D:13: 1298 daAuts
     D:2: 1260 daAuts
     D:1: 1207 daAuts
  Lair:3: 1174 daAuts
  Lair:2: 1154 daAuts
    D:12: 1130 daAuts
     D:4: 1065 daAuts
     D:3: 1027 daAuts
